cohdb
Replays
Latest Replays
All Replays
Popular Replays
Top Player Replays
Match Explorer
How It Works
Community
CoH3 Stats
Reddit
Sign in to upload your games and track your stats! →
Sign in with Steam
Reakly vs [Peanut] Calyon
Match 20961329
Overview
Messages
Build Orders
End
Engineer Squad
Selects Armored Battlegroup
Selects Assault Engineers
Assault Engineer Squad
Assault Engineer Squad
Assault Engineer Squad
Mechanized Support Center
Construct Weapon Support Center
M16 Multiple Gun Motor Carriage
Selects Fast Deploy
Construct Medical Station
Sniper
Bazooka Squad
M1919 Machine Gun Team
Construct Tank Depot
Bazooka Squad
Construct Tank Depot
Reakly
[Peanut] Calyon
0
0
Comments
sign in to comment!
No comments posted yet!